 Dungeon Crawl Stone Soup version 0.28.0-53-g5a82cb258f (webtiles) character file.

Game seed: 6815312228894673989

477 Peloso the Slasher (level 6, 0/56 HPs)
             Began as a Minotaur Fighter on Aug 19, 2022.
             Slain by a water moccasin (6 damage)
             ... on level 4 of the Dungeon.
             The game lasted 00:06:51 (3190 turns).

Peloso the Slasher (Minotaur Fighter)               Turns: 3190, Time: 00:06:51

Health: 0/56       AC:  7    Str: 21    XL:     6   Next: 85%
Magic:  5/5        EV:  9    Int:  5    God:
Gold:   175        SH:  5    Dex: 11    Spells: 5/5 levels left

rFire   . . .      SeeInvis .   a - +0 long sword
rCold   . . .      Faith    .   c - +0 buckler
rNeg    . . .      Spirit   .   b - +0 scale mail
rPois   .          Reflect  .   (helmet restricted)
rElec   .          Harm     .   (no cloak)
rCorr   .          Rampage  .   (no gloves)
Will    .....                   (no boots)
Stlth   ..........              (no amulet)
HPRegen 0.18/turn               (no ring)
MPRegen 0.09/turn               (no ring)

@: lethally poisoned (0 -> -5)
A: horns 2, retaliatory headbutt
a: no special abilities


You were on level 4 of the Dungeon.
You visited 1 branch of the dungeon, and saw 5 of its levels.

You collected 175 gold pieces.

Inventory:

Hand Weapons
 a - a +0 long sword (weapon)
Armour
 b - a +0 scale mail (worn)
 c - a +0 buckler (worn)
Jewellery
 o - a +4 ring of evasion
Wands
 f - a wand of flame (24)
 j - a wand of polymorph (10)
Scrolls
 e - a scroll of magic mapping
 i - a scroll of amnesia {unknown}
 k - 2 scrolls of identify
 l - a scroll of fear {unknown}
 p - a scroll of summoning {unknown}
Potions
 d - 2 potions of might
 g - a potion of experience
 h - a potion of mutation


   Skills:
 + Level 5.2 Fighting
 + Level 6.2 Long Blades
 + Level 5.2 Armour
 + Level 1.3 Dodging
 + Level 0.4 Stealth
 + Level 4.4 Shields


You had 5 spell levels left.
You didn't know any spells.
Your spell library contained the following spells:

 Spells                   Type           Power      Damage    Failure   Level
 Sting                    Tmut/Pois      0%         1d3       87%         1
 Ensorcelled Hibernation  Hex/Ice        0%         N/A       95%         2
 Spider Form              Tmut/Pois      0%         N/A       99%         3
 Anguish                  Hex/Necr       0%         N/A       100%        4


Dungeon Overview and Level Annotations

Branches:
Dungeon (5/15)
 Temple: D:4-7

Altars:
Dithmenos


Innate Abilities, Weirdness & Mutations

You have a pair of horns on your head.
You reflexively headbutt those who attack you in melee.


Message History

The orc wizard hits you but does no damage.
You closely miss the water moccasin.
Your headbutt misses the water moccasin.
The water moccasin is lightly wounded.
The water moccasin bites you.
You are poisoned.
The water moccasin poisons you!
The orc wizard hits you with a +0 dagger.
It was a potion of magic.
Magic courses through your body.
You feel very sick.
The water moccasin bites you but does no damage.
The orc wizard hits you with a +0 dagger.
* * * LOW HITPOINT WARNING * * *
The water moccasin closely misses you.
You miss the water moccasin.
Your headbutt misses the water moccasin.
The water moccasin is lightly wounded.
* * * LOW HITPOINT WARNING * * *
You feel very sick. The water moccasin bites you.
* * * LOW HITPOINT WARNING * * *
The orc wizard hits you but does no damage.
You are too confused!
Unknown command.
You bump into the rock wall.
You feel less confused.
* * * LOW HITPOINT WARNING * * *
You feel sick. The water moccasin closely misses you.
The orc wizard hits you with a +0 dagger.
* * * LOW HITPOINT WARNING * * *
Unknown command.
It was a potion of cancellation.
Your magical effects are unravelling.
You feel magically purged.
You feel a little less mighty now.
* * * LOW HITPOINT WARNING * * *
You feel sick. You block the water moccasin's attack.
The orc wizard hits you but does no damage.
The water moccasin bites you.
You die...

..[...## #....#
.....†#########.#### ..
......##........# ...
..............### #####.#
..###^##.....#######.....#
..#...#...............)..
....#..)....>#..####...#
#..###.........####...#
#.............oS@o..<.# #
.........####.†###..### .##
####..................##..###
#......#.........#........
#......................#..#.
#.#.......##.....#...#.....
...#......###..oo.###.####.#
.. .......##......# #..# .#
.........#.####o###..# #


You could see a water moccasin, an orc wizard and an orc.

Vanquished Creatures
  Grinder (D:3)
  A jelly (D:4)
  An orc priest (D:5)
  Jessica (D:3)
  An iguana (D:3)
  Ijyb (D:4)
  Robin (D:3)
  2 adders
  A white imp (D:4)
  5 worms
  A dart slug (D:1)
  7 orcs
  4 ball pythons
  4 bats
  3 endoplasms
  4 giant cockroaches
  18 goblins
  8 hobgoblins
  2 jackals (D:1)
  10 kobolds
  2 quokkas (D:2)
  3 frilled lizards
  6 rats
87 creatures vanquished.

Notes
Turn   | Place    | Note
-------+----------+-------------------------------------------
     0 | D:1      | Peloso the Minotaur Fighter began the quest for the Orb.
     0 | D:1      | Reached XP level 1. HP: 19/19 MP: 0/0
   140 | D:1      | Reached XP level 2. HP: 20/27 MP: 1/1
   487 | D:1      | Noticed an eye of devastation
   557 | D:1      | Found a faded altar of an unknown god.
   562 | D:1      | Noticed an eye of devastation
   566 | D:1      | Noticed a golden eye
   566 | D:1      | Noticed a shining eye
   599 | D:1      | Reached XP level 3. HP: 33/33 MP: 2/2
  1033 | D:2      | Got the Grimoire of Venom
  1389 | D:2      | Identified the +2 leather armour of Solemn Salvation {rCorr
                  | Str-4 Dex+3}
  1509 | D:2      | Reached skill level 3 in Long Blades
  1786 | D:3      | Noticed Jessica
  1790 | D:3      | Killed Jessica
  1791 | D:3      | Reached XP level 4. HP: 41/41 MP: 3/3
  2010 | D:3      | You fall into a shaft and drop 2 floors!
  2010 | D:5      | Entered Level 5 of the Dungeon
  2044 | D:5      | Reached skill level 4 in Long Blades
  2044 | D:5      | Reached XP level 5. HP: 43/47 MP: 4/4
  2051 | D:4      | Noticed Ijyb
  2079 | D:4      | Killed Ijyb
  2408 | D:3      | Noticed Grinder
  2427 | D:3      | Killed Grinder
  2428 | D:3      | Reached skill level 5 in Fighting
  2428 | D:3      | Reached skill level 6 in Long Blades
  2428 | D:3      | Reached skill level 5 in Armour
  2428 | D:3      | Reached skill level 1 in Dodging
  2428 | D:3      | Reached XP level 6. HP: 40/56 MP: 5/5
  2534 | D:3      | Found a shadowy altar of Dithmenos.
  2545 | D:3      | Noticed Robin
  2626 | D:3      | Killed Robin
  3161 | D:4      | Noticed a water moccasin
  3190 | D:4      | Slain by a water moccasin

Illustrated notes

Levels and vault maps discovered:
D:1:      lordsloth_arrival_two_stooges, layout_loops_ring,
          hellmonk_ecumenical_altar_watching_god, roderic_nine_men_s_morris,
          minmay_misc_feat_room, chequers_hall_statues_wall_a
D:2:      layout_loops_ring
D:3:      layout_basic, grunt_dithmenos_smoke_and_mirrors, uniq_jessica,
          uniq_robin, uniq_grinder
D:4:      layout_rooms, uniq_ijyb
D:5:      layout_loops_corners, serial_shops, shop,
          nicolae_figureground_sparkle, uniq_blork_the_orc

Skill      XL: |  1  2  3  4  5 |
---------------+----------------+-----
Armour         | 4 5 |  5.2
Shields        | 4 |  4.4
Fighting       | 4 5 |  5.2
Long Blades    | 3 4 6 |  6.2
Dodging        | 1 |  1.3
Stealth        | |  0.4

Action                   |  1- 3 |  4- 6 || total
-------------------------+-------+-------++-------
Melee: Long sword        |    96 |    91 ||   187
       Headbutt          |    10 |    18 ||    28
  Use: Scroll            |     3 |       ||     3
       Potion            |     2 |     3 ||     5
 Stab: Distracted        |       |     1 ||     1
Armor: Scale mail        |    33 |    29 ||    62
Dodge: Dodged            |    41 |    39 ||    80
Block: Buckler           |    19 |    20 ||    39
